EL
NORTHWEST ARKANSAS NATURALS @ CORPUS CHRISTI HOOKS
07/16/2047
 
TOP OF THE 1ST
Northwest Arkansas Naturals batting - Pitching for Corpus Christi Hooks : RHP Elroy Meulenkamp
Pitching: RHP Elroy Meulenkamp
Batting: RHB Kevin Wimberly 0-0: Called Strike
0-1: Ball
1-1: Swinging Strike
1-2: Ball
2-2: Ball
3-2: Base on Balls
Batting: LHB Teko van de Sande 0-0: Called Strike
0-1: Ball
1-1: Ball
2-1: Foul Ball, location: 2F
2-2: Ball
3-2: Foul Ball, location: 2F
3-2: Grounds into double play, 5-4-3 (Groundball, 56S, EV 86.9 MPH)
Batting: RHB Andy Urquhart 0-0: Called Strike
0-1: Ball
1-1: Ground out 6-3 (Groundball, 6, EV 110.0 MPH)
Top of the 1st over - 0 runs, 0 hits, 0 errors, 0 left on base; Northwest Arkansas 0 - Corpus Christi 0
BOTTOM OF THE 1ST
Corpus Christi Hooks batting - Pitching for Northwest Arkansas Naturals : RHP Julio Espinel
Pitching: RHP Julio Espinel
Batting: RHB Sean Mounts 0-0: Ball
1-0: Ball
2-0: Called Strike
2-1: Foul Ball, location: 2F
2-2: Foul Ball, location: 2F
2-2: Ball
3-2: DOUBLE (Line Drive, 89D, EV 110.6 MPH)
Batting: RHB Andrew Pride 0-0: SINGLE (Groundball, 13S, EV 65.0 MPH) (infield hit)
Sean Mounts to third
Batting: RHB Jose Leon 0-0: Foul Ball, location: 2F
0-1: Called Strike
0-2: Ball
1-2: Ball
2-2: SINGLE (Groundball, 34, EV 98.8 MPH)
Sean Mounts scores
Andrew Pride to second
Runner from 2nd tries for 3rd, SAFE, throw by RF made to third
Batting: RHB Bruce Bermudez 0-0: Called Strike
0-1: SINGLE (Groundball, P, EV 87.5 MPH) (infield hit)
Andrew Pride scores
Jose Leon to second
Batting: LHB Josh Birkner 0-0: Called Strike
0-1: Swinging Strike
0-2: Ball
1-2: Foul Ball, location: 2F
1-2: Foul Ball, location: 2F
1-2: Strikes out swinging
Batting: RHB Nick Deegan 0-0: Ball
1-0: Called Strike
1-1: Ball
2-1: DOUBLE (Groundball, 5L, EV 106.2 MPH)
Jose Leon scores
Bruce Bermudez to third
Runner from 3rd tries for Home, SAFE, throw by LF to home
Batting: RHB Masaru Konno 0-0: Called Strike
0-1: Ball
1-1: Ball
2-1: Fly out, F8 (Flyball, 8LM, EV 93.1 MPH)
Batting: LHB Jackson Trottier 0-0: SINGLE (Groundball, 4MD, EV 98.8 MPH)
Nick Deegan to third
Runner from 3rd tries for Home, SAFE, throw by CF to home
Batting: RHB Ryan Salas 0-0: Called Strike
0-1: Foul Ball, location: 2F
0-2: Foul Ball, location: 2F
0-2: Ball
1-2: Foul Ball, location: 2F
1-2: Ball
2-2: Ball
3-2: Fly out, F3 (Popup, 3F, EV 80.6 MPH)
Bottom of the 1st over - 5 runs, 6 hits, 0 errors, 1 left on base; Northwest Arkansas 0 - Corpus Christi 5
TOP OF THE 2ND
Northwest Arkansas Naturals batting - Pitching for Corpus Christi Hooks : RHP Elroy Meulenkamp
Batting: LHB Justin Covington 0-0: Ball
1-0: Ground out U3 (Groundball, 3L, EV 84.4 MPH)
Batting: RHB Greg Callaghan 0-0: Ground out 6-3 (Groundball, P, EV 89.4 MPH)
Batting: LHB Roy Riess 0-0: Ball
1-0: Called Strike
1-1: Swinging Strike
1-2: SINGLE (Groundball, 6D, EV 98.1 MPH)
Batting: SHB Bill Ertl 0-0: Fly out, F8 (Flyball, 8RM, EV 94.4 MPH)
Top of the 2nd over - 0 runs, 1 hit, 0 errors, 1 left on base; Northwest Arkansas 0 - Corpus Christi 5
BOTTOM OF THE 2ND
Corpus Christi Hooks batting - Pitching for Northwest Arkansas Naturals : RHP Julio Espinel
Batting: RHB Sean Mounts 0-0: Ground out 6-3 (Groundball, 6, EV 81.2 MPH)
Batting: RHB Andrew Pride 0-0: Foul Ball, location: 2F
0-1: Called Strike
0-2: Foul Ball, location: 2F
0-2: Strikes out swinging
Batting: RHB Jose Leon 0-0: SINGLE (Line Drive, 89M, EV 90.6 MPH)
Batting: RHB Bruce Bermudez 0-0: Called Strike
0-1: Ball
1-1: Ball
2-1: Ball
3-1: Fielders Choice at 2nd, 5-4 (Groundball, 56, EV 79.4 MPH)
Bottom of the 2nd over - 0 runs, 1 hit, 0 errors, 1 left on base; Northwest Arkansas 0 - Corpus Christi 5
TOP OF THE 3RD
Northwest Arkansas Naturals batting - Pitching for Corpus Christi Hooks : RHP Elroy Meulenkamp
Batting: RHB Justin Goff 0-0: Ball
1-0: Ground out 6-3 (Groundball, 6, EV 83.8 MPH)
Batting: RHB Josh Stinnett 0-0: Fly out, F8 (Flyball, 8RXD, EV 89.4 MPH)
Batting: RHB Kevin Wimberly 0-0: Ground out 4-3 (Groundball, 4, EV 105.0 MPH)
Top of the 3rd over - 0 runs, 0 hits, 0 errors, 0 left on base; Northwest Arkansas 0 - Corpus Christi 5
BOTTOM OF THE 3RD
Corpus Christi Hooks batting - Pitching for Northwest Arkansas Naturals : RHP Julio Espinel
Batting: LHB Josh Birkner 0-0: Ball
1-0: DOUBLE (Line Drive, 78XD, EV 106.2 MPH)
Batting: RHB Nick Deegan 0-0: Ball
1-0: Foul Ball, location: 2F
1-1: Called Strike
1-2: Ball
2-2: Ground out 5-3 (Groundball, 5S, EV 80.6 MPH)
Batting: RHB Masaru Konno 0-0: Ball
1-0: Fly out, F9 (Flyball, 89M, EV 94.4 MPH)
Batting: LHB Jackson Trottier 0-0: Ball
1-0: Ball
2-0: Ball
3-0: Called Strike
3-1: Base on Balls
Batting: RHB Ryan Salas 0-0: Foul Ball, location: 2F
0-1: TRIPLE (Line Drive, 89XD, EV 101.9 MPH)
Josh Birkner scores
Jackson Trottier scores
Pitching: RHP Mike Tuck
Batting: RHB Sean Mounts 0-0: Fly out, F8 (Flyball, 8RD, EV 101.2 MPH)
Bottom of the 3rd over - 2 runs, 2 hits, 0 errors, 1 left on base; Northwest Arkansas 0 - Corpus Christi 7
TOP OF THE 4TH
Northwest Arkansas Naturals batting - Pitching for Corpus Christi Hooks : RHP Elroy Meulenkamp
Batting: LHB Teko van de Sande 0-0: Called Strike
0-1: Ball
1-1: Ball
2-1: Fly out, F8 (Flyball, 8LXD, EV 89.4 MPH)
Batting: RHB Andy Urquhart 0-0: Ball
1-0: Ball
2-0: Ball
3-0: Called Strike
3-1: Swinging Strike
3-2: Foul Ball, location: 2F
3-2: Base on Balls
Batting: LHB Justin Covington 0-0: Called Strike
Andy Urquhart steals 2nd base (no throw)
0-1: Foul Ball, location: 2F
0-2: Fly out, F6 (Line Drive, 6, EV 62.5 MPH)
Batting: RHB Greg Callaghan 0-0: Called Strike
0-1: SINGLE (Groundball, 56D, EV 108.1 MPH)
Andy Urquhart to third
Runner from 3rd tries for Home, SAFE, throw by LF to home
Batting: LHB Roy Riess 0-0: Fielders Choice at 2nd, 6-4 (Groundball, 6, EV 90.6 MPH)
Top of the 4th over - 1 run, 1 hit, 0 errors, 1 left on base; Northwest Arkansas 1 - Corpus Christi 7
BOTTOM OF THE 4TH
Corpus Christi Hooks batting - Pitching for Northwest Arkansas Naturals : RHP Mike Tuck
Batting: RHB Andrew Pride 0-0: Ball
1-0: Ball
2-0: Swinging Strike
2-1: Foul Ball, location: 2F
2-2: Strikes out swinging
Batting: RHB Jose Leon 0-0: Foul Ball, location: 2F
0-1: Foul Ball, location: 2F
0-2: Foul Ball, location: 2F
0-2: Ball
1-2: Foul Ball, location: 2F
1-2: Fly out, F8 (Flyball, BS3, EV 97.5 MPH)
Batting: RHB Bruce Bermudez 0-0: Ball
1-0: Swinging Strike
1-1: Swinging Strike
1-2: Foul Ball, location: 2F
1-2: Strikes out swinging
Bottom of the 4th over - 0 runs, 0 hits, 0 errors, 0 left on base; Northwest Arkansas 1 - Corpus Christi 7
TOP OF THE 5TH
Northwest Arkansas Naturals batting - Pitching for Corpus Christi Hooks : RHP Elroy Meulenkamp
Batting: SHB Bill Ertl 0-0: Called Strike
0-1: Ball
1-1: Called Strike
1-2: Foul Ball, location: 2F
1-2: SINGLE (Groundball, P, EV 91.9 MPH) (infield hit)
Batting: RHB Justin Goff 0-0: Ball
1-0: SINGLE (Groundball, 6D, EV 101.2 MPH)
Bill Ertl to second
Runner from 2nd tries for 3rd, SAFE, throw by CF made to third
Batting: RHB Josh Stinnett 0-0: Called Strike
0-1: Ball
Wild Pitch!
Bill Ertl scores
Justin Goff to second
1-1: Called Strike
1-2: Foul Ball, location: 2F
1-2: Ball
2-2: Fly out, F7 (Flyball, 7LS, EV 88.8 MPH)
Batting: RHB Kevin Wimberly 0-0: Ball
1-0: Ball
2-0: Foul Ball, location: 2F
2-1: Foul Ball, location: 2F
2-2: Foul Ball, location: 2F
2-2: Foul Ball, location: 2F
2-2: Fly out, F8 (Line Drive, 8LD, EV 94.4 MPH)
Batting: LHB Teko van de Sande 0-0: Foul Ball, location: 2F
0-1: Ball
1-1: Foul Ball, location: 2F
1-2: Strikes out looking
Top of the 5th over - 1 run, 2 hits, 0 errors, 1 left on base; Northwest Arkansas 2 - Corpus Christi 7
BOTTOM OF THE 5TH
Corpus Christi Hooks batting - Pitching for Northwest Arkansas Naturals : RHP Mike Tuck
Batting: LHB Josh Birkner 0-0: Called Strike
0-1: Swinging Strike
0-2: Strikes out looking
Pitching: RHP Andy Rodriguez
Batting: RHB Nick Deegan 0-0: Ball
1-0: Ball
2-0: Ball
3-0: Called Strike
3-1: Base on Balls
Batting: RHB Masaru Konno 0-0: Ball
1-0: Ball
2-0: SINGLE (Line Drive, 8RS, EV 100.0 MPH)
Nick Deegan to second
Batting: LHB Jackson Trottier 0-0: Ball
1-0: Ball
2-0: Ball
3-0: Base on Balls
Nick Deegan to third
Masaru Konno to second
Batting: RHB Ryan Salas 0-0: Called Strike
0-1: Foul Ball, location: 2F
0-2: Ball
1-2: DOUBLE (Line Drive, 89D, EV 105.6 MPH)
Nick Deegan scores
Masaru Konno scores
Jackson Trottier to third
Batting: RHB Sean Mounts 0-0: Ball
1-0: Called Strike
1-1: Ball
2-1: Called Strike
2-2: Ball
3-2: SINGLE (Line Drive, 4MD, EV 103.1 MPH)
Jackson Trottier scores
Ryan Salas to third
Pitching: RHP Jadon Martin
Batting: RHB Andrew Pride 0-0: Swinging Strike
0-1: Foul Ball, location: 2F
0-2: Ball
1-2: Ball
2-2: Ball
3-2: SINGLE (Groundball, 6D, EV 94.4 MPH)
Ryan Salas scores
Sean Mounts to second
Batting: RHB Jose Leon 0-0: Swinging Strike
0-1: Foul Ball, location: 2F
0-2: Ball
1-2: Ball
2-2: Fly out, F8 (Flyball, 8RD, EV 82.5 MPH)
Batting: RHB Bruce Bermudez 0-0: Foul Ball, location: 2F
0-1: Fly out, F9 (Flyball, 89S, EV 90.0 MPH)
Bottom of the 5th over - 4 runs, 4 hits, 0 errors, 2 left on base; Northwest Arkansas 2 - Corpus Christi 11
TOP OF THE 6TH
Northwest Arkansas Naturals batting - Pitching for Corpus Christi Hooks : RHP Elroy Meulenkamp
Batting: RHB Andy Urquhart 0-0: Ball
1-0: SINGLE (Line Drive, 89S, EV 95.0 MPH)
Batting: LHB Justin Covington 0-0: Called Strike
Andy Urquhart steals 2nd base
0-1: Swinging Strike
0-2: Ball
1-2: Ball
2-2: Foul Ball, location: 2F
2-2: Ball
3-2: Base on Balls
Batting: RHB Greg Callaghan 0-0: Ball
1-0: Fielders Choice at 2nd, 5-4 (Groundball, 56S, EV 79.4 MPH)
Andy Urquhart to third
Batting: LHB Roy Riess 0-0: Ball
1-0: Ball
2-0: Called Strike
2-1: Called Strike
2-2: Fly out, F7 (Flyball, 7S, EV 95.6 MPH)
Batting: SHB Bill Ertl 0-0: Foul Ball, location: 2F
0-1: Swinging Strike
0-2: Ball
1-2: Strikes out swinging
Top of the 6th over - 0 runs, 1 hit, 0 errors, 2 left on base; Northwest Arkansas 2 - Corpus Christi 11
BOTTOM OF THE 6TH
Corpus Christi Hooks batting - Pitching for Northwest Arkansas Naturals : RHP Jadon Martin
Batting: LHB Josh Birkner 0-0: Ball
1-0: Ball
2-0: Ball
3-0: Ground out U3 (Groundball, 34, EV 85.0 MPH)
Batting: RHB Nick Deegan 0-0: Ball
1-0: Fly out, F7 (Flyball, 7D, EV 96.2 MPH)
Pitching: RHP Ian Current
Batting: RHB Masaru Konno 0-0: Ball
1-0: Fly out, F8 (Flyball, 89D, EV 91.9 MPH)
Bottom of the 6th over - 0 runs, 0 hits, 0 errors, 0 left on base; Northwest Arkansas 2 - Corpus Christi 11
TOP OF THE 7TH
Northwest Arkansas Naturals batting - Pitching for Corpus Christi Hooks : RHP Elroy Meulenkamp
Batting: RHB Justin Goff 0-0: Ball
1-0: SINGLE (Groundball, 56D, EV 98.8 MPH)
Pinch Hitting: LHB Eric Zacher 0-0: Fielders Choice at 2nd, 4-6 (Groundball, 4, EV 91.2 MPH)
Pinch Hitting: LHB Antonio Domingues 0-0: Ball
1-0: Swinging Strike
1-1: Fielders Choice at 2nd, 2-4 (Groundball, 2L, EV 70.0 MPH)
Batting: LHB Anselmo Garcia 0-0: Called Strike
0-1: Ball
1-1: Foul Ball, location: 2F
1-2: Foul Ball, location: 2F
1-2: Strikes out swinging
Top of the 7th over - 0 runs, 1 hit, 0 errors, 1 left on base; Northwest Arkansas 2 - Corpus Christi 11
BOTTOM OF THE 7TH
Corpus Christi Hooks batting - Pitching for Northwest Arkansas Naturals : RHP Ian Current
Now at 3B: Eric Zacher
Now in RF: Antonio Domingues
Batting: LHB Jackson Trottier 0-0: Foul Ball, location: 2F
0-1: Swinging Strike
0-2: Strikes out looking
Batting: RHB Ryan Salas 0-0: Called Strike
0-1: Ball
1-1: Foul Ball, location: 2F
1-2: Strikes out swinging
Batting: RHB Sean Mounts 0-0: Swinging Strike
0-1: Ball
1-1: Called Strike
1-2: Ball
2-2: Strikes out swinging
Bottom of the 7th over - 0 runs, 0 hits, 0 errors, 0 left on base; Northwest Arkansas 2 - Corpus Christi 11
TOP OF THE 8TH
Northwest Arkansas Naturals batting - Pitching for Corpus Christi Hooks : RHP Elroy Meulenkamp
Pinch Hitting: RHB Jesse Frankum 0-0: Called Strike
0-1: Swinging Strike
0-2: Ball
1-2: Ball
2-2: Ball
3-2: Strikes out swinging
Pitching: RHP Jayson Campbell
Batting: LHB Justin Covington 0-0: Foul Ball, location: 2F
0-1: Foul Ball, location: 2F
0-2: Foul Ball, location: 2F
0-2: SINGLE (Line Drive, 8RS, EV 87.5 MPH)
Pinch Hitting: RHB Tim Borden 0-0: Called Strike
0-1: Ball
1-1: Foul Ball, location: 2F
1-2: Ball
2-2: Ball
3-2: Strikes out looking
Pinch Hitting: LHB Tatsuo Yasui 0-0: Ball
1-0: Called Strike
1-1: 2-RUN HOME RUN (Line Drive, 9D, EV 97.5 MPH), Distance : 375 ft
Pinch Hitting: LHB Josh Moore 0-0: Ball
1-0: Ball
2-0: Called Strike
2-1: Ground out 5-3 (Groundball, 56S, EV 86.2 MPH)
Top of the 8th over - 2 runs, 2 hits, 0 errors, 0 left on base; Northwest Arkansas 4 - Corpus Christi 11
BOTTOM OF THE 8TH
Corpus Christi Hooks batting - Pitching for Northwest Arkansas Naturals : RHP Ian Current
Now at 1B: Tatsuo Yasui
Now at 2B: Eric Zacher
Now at 3B: Jesse Frankum
Now at SS: Tim Borden
Now in LF: Josh Moore
Batting: RHB Andrew Pride 0-0: Called Strike
0-1: Swinging Strike
0-2: SINGLE (Groundball, 6S, EV 69.4 MPH) (infield hit)
Batting: RHB Evan Fry 0-0: Called Strike
Andrew Pride steals 2nd base
0-1: SINGLE (Groundball, 56S, EV 70.0 MPH) (infield hit)
Andrew Pride to third
Pitching: RHP Nam Phong
Batting: RHB Bruce Bermudez 0-0: Ball
1-0: Ball
Evan Fry steals 2nd base (no throw)
2-0: DOUBLE (Groundball, 5L, EV 103.1 MPH)
Andrew Pride scores
Evan Fry scores
Batting: LHB Josh Birkner 0-0: Called Strike
0-1: Foul Ball, location: 2F
0-2: Strikes out swinging
Batting: RHB Nick Deegan 0-0: Ball
1-0: Called Strike
1-1: Ball
2-1: Foul Ball, location: 2F
2-2: SINGLE (Line Drive, 7S, EV 96.2 MPH)
Bruce Bermudez to third
Batting: RHB Masaru Konno 0-0: Foul Ball, location: 2F
0-1: Reached on error, E6 (Groundball, 6MS, EV 86.9 MPH)
Bruce Bermudez scores
Nick Deegan to second
Batting: LHB Jackson Trottier 0-0: Ball
1-0: Foul Ball, location: 2F
1-1: SINGLE (Groundball, 3D, EV 94.4 MPH)
Nick Deegan to third
Masaru Konno to second
Runner from 3rd tries for Home, SAFE, throw by RF to home
Batting: RHB Ryan Salas 0-0: Foul Ball, location: 2F
0-1: Ball
1-1: SINGLE (Flyball, 6D, EV 92.5 MPH)
Masaru Konno to third
Jackson Trottier to second
Pitching: RHP Ben Garrett
Batting: RHB Sean Mounts 0-0: Ball
1-0: Swinging Strike
1-1: Ball
Wild Pitch!
Masaru Konno scores
Jackson Trottier to third
Ryan Salas to second
2-1: Ball
3-1: Called Strike
3-2: DOUBLE (Flyball, 89XD, EV 96.9 MPH)
Jackson Trottier scores
Ryan Salas scores
Batting: RHB Andrew Pride 0-0: Ball
1-0: Called Strike
1-1: Ball
2-1: Ball
3-1: Foul Ball, location: 2F
3-2: Strikes out looking and he ARGUES THE CALL AND IS TOSSED!
Batting: RHB Evan Fry 0-0: Foul Ball, location: 2F
0-1: Ground out U3 (Groundball, 3, EV 78.1 MPH)
Bottom of the 8th over - 7 runs, 7 hits, 1 error, 1 left on base; Northwest Arkansas 4 - Corpus Christi 18
TOP OF THE 9TH
Northwest Arkansas Naturals batting - Pitching for Corpus Christi Hooks : RHP Jayson Campbell
Now in LF: Juan Mendoza
Pinch Hitting: RHB Ben Minge 0-0: Ball
1-0: Foul Ball, location: 2F
1-1: Foul Ball, location: 2F
1-2: Foul Ball, location: 2F
1-2: Ball
2-2: Strikes out swinging
Pinch Hitting: SHB Cristiano SerrĂ£o 0-0: Called Strike
0-1: Called Strike
0-2: Ball
1-2: Strikes out swinging
Batting: LHB Antonio Domingues 0-0: Ball
1-0: Foul Ball, location: 2F
1-1: Fly out, F8 (Flyball, 8LM, EV 71.9 MPH)
Top of the 9th over - 0 runs, 0 hits, 0 errors, 0 left on base; Northwest Arkansas 4 - Corpus Christi 18
Thursday, December 15th , 2022 - OOTP Baseball 23.9 Build 102